 Dungeon Crawl Stone Soup version 0.21-a0-104-g7b58145 (webtiles) character file.

95 Monsterracer the Cudgeler (level 4, -4/36 HPs)
             Began as a Draconian Warper on July 4, 2017.
             Killed by divine providence
             ... invoked by an orc priest
              (9 damage)
             ... on level 3 of the Dungeon on July 5, 2017.
             The game lasted 00:08:49 (2697 turns).

Monsterracer the Cudgeler (Draconian Warper)        Turns: 2697, Time: 00:08:50

Health: -4/36      AC:  6    Str: 17 (19) XL:     4   Next: 39%
Magic:  7/7        EV: 12    Int: 13      God:
Gold:   52         SH:  0    Dex:  9 (11) Spells: 3/7 levels left

rFire    . . .     SeeInvis .   a - +0 mace
rCold    + . .     Gourm    .   (no shield)
rNeg     . . .     Faith    .   (armour unavailable)
rPois    .         Spirit   .   (helmet restricted)
rElec    .         Reflect  .   (no cloak)
rCorr    .         Harm     .   m - +0 pair of gloves
MR       .....                  (no boots)
Stlth    +.........             (no amulet)
HPRegen  0.12/turn              j - ring of wizardry
MPRegen  0.10/turn              n - ring of protection from cold

@: mighty
A: unfitting armour, cold-blooded, AC +5
a: no special abilities


You were on level 3 of the Dungeon.
You were not hungry.

You visited 1 branch of the dungeon, and saw 3 of its levels.

You collected 52 gold pieces.

Inventory:

Hand Weapons
 a - a +0 mace (weapon)
Missiles
 d - 5 tomahawks of dispersal
 e - 8 tomahawks of returning (quivered)
Armour
 m - a +0 pair of gloves (worn)
 p - a +0 buckler
Jewellery
 j - a ring of wizardry (left hand)
 k - an uncursed ring of fire
 n - a ring of protection from cold (right hand)
Scrolls
 c - a scroll of blinking
 h - a scroll of teleportation
 i - 2 scrolls of identify
Potions
 l - a potion of might
Books
 b - a book of Spatial Translocations

   Spells                             Type                      Level
   a - Blink                          Translocation                2
   b - Shroud of Golubria             Charms/Translocation         2
   c - Lesser Beckoning               Translocation                3
   d - Gell's Gravitas                Translocation                3
   e - Teleport Other                 Translocation                3
   f - Passage of Golubria            Translocation                4
Comestibles
 f - 2 bread rations
 g - a meat ration


   Skills:
 - Level 2.1 Fighting
 + Level 4.7 Maces & Flails
 - Level 0.8 Throwing
 - Level 2.1 Dodging
 - Level 2.0 Spellcasting
 - Level 3.0 Translocations


You had 3 spell levels left.
You knew the following spells:

 Your Spells              Type           Power        Failure   Level  Hunger
a - Blink                 Tloc           N/A          4%          2    ###....
b - Shroud of Golubria    Chrm/Tloc      #.........   9%          2    ###....


Dungeon Overview and Level Annotations

Branches:
Dungeon (3/15)

Altars:
Ashenzari

Annotations:
D:3 p0werm0de's ghost, amateur TeWz


Innate Abilities, Weirdness & Mutations

Your plain brown scales are hard. (AC +5)
You cannot fit into any form of body armour.
You are cold-blooded and may be slowed by cold attacks.


Message History

A worm comes into view.
You barely miss the orc priest.
The orc priest is moderately wounded.
The orc priest barely misses you.
The orc priest calls down the wrath of Beogh upon you.
Beogh smites you!
* * * LOW HITPOINT WARNING * * *
You hear a shout!
Huge Dmg: -39%(-14hp) hp: 14%(5hp)
Okay, then.
You feel very mighty all of a sudden.
The orc priest hits you with a falchion.
* * * LOW HITPOINT WARNING * * *
A hobgoblin comes into view. It is wielding a club.
You sock the orc priest!
The orc priest is almost dead.
The hobgoblin moves out of view.
The orc priest closely misses you.
The orc priest invokes the aid of Beogh against you.
Beogh smites you!
You die...

#............
#..##.#####..
#..#...####..
#.....(......
#..#...######
#....#.....#
##.#...###....
#.##.## ## #
#@# #o# #o#


#gg go# g## w .# You could see a worm, 2 orc priests, an orc and 4 goblins.

Vanquished Creatures
  Natasha (D:1)
  3 adders
  2 worms
  A dart slug (D:2)
  2 leopard geckos (D:1)
  A ball python (D:1)
  2 giant cockroaches (D:2)
  7 goblins
  10 hobgoblins
  4 kobolds
  10 bats
  A frilled lizard (D:1)
  8 rats
52 creatures vanquished.

Notes
Turn   | Place    | Note
-------+----------+-------------------------------------------
     0 | D:1      | Monsterracer the Draconian Warper began the quest for the Orb.
     0 | D:1      | Reached XP level 1. HP: 17/17 MP: 3/3
   319 | D:1      | Reached XP level 2. HP: 24/24 MP: 5/5
   490 | D:1      | Reached skill level 3 in Maces & Flails
   834 | D:1      | Learned a level 2 spell: Blink
   837 | D:1      | Learned a level 2 spell: Shroud of Golubria
  1300 | D:1      | Upgraded the game from 0.21-a0-95-g06f091e to 0.21-a0-104-g7b58145
  1333 | D:2      | Noticed Natasha
  1358 | D:1      | Killed Natasha
  1358 | D:1      | Reached XP level 3. HP: 13/29 MP: 6/6
  1897 | D:2      | Reached skill level 4 in Maces & Flails
  1952 | D:2      | Found a shattered altar of Ashenzari.
  2295 | D:3      | Reached XP level 4. HP: 21/36 MP: 7/7
  2357 | D:3      | Noticed p0werm0de's ghost (amateur TeWz)
  2697 | D:3      | Killed from afar by an orc priest

Vault maps used:
D:1:      ncdulo_halloftheorcs, serial_forest, infiniplex_forest_lined_2,
          infiniplex_forest_split, infiniplex_forest_clump_long,
          infiniplex_forest_end_1, infiniplex_forest_fountain,
          infiniplex_forest_corner_1, infiniplex_forest_straight_2,
          infiniplex_forest_lined_ring
D:2:      lemuel_tele_altar, uniq_natasha
D:3:      first_bread, uniq_robin

Skill      XL: |  1  2  3 |
---------------+----------+-----
Maces & Flails | 3 4 |  4.7
Fighting       | |  2.1
Throwing       | |  0.8
Dodging        | |  2.1
Spellcasting   | |  2.0
Translocations | |  3.0

Action                   |  1- 3 |  4- 6 || total
-------------------------+-------+-------++-------
Melee: Mace              |   143 |    40 ||   183
       Tailslap          |     9 |     3 ||    12
Throw: Tomahawk          |     2 |     1 ||     3
  Use: Potion            |     2 |     1 ||     3
       Scroll            |     3 |       ||     3
 Stab: Sleeping          |     1 |       ||     1
  Eat: Chunk             |     4 |     2 ||     6
Armor: Skin              |    64 |    10 ||    74
Dodge: Dodged            |   111 |    24 ||   135
